 Dungeon Crawl Stone Soup version 0.18.1-5-g4a78601 (webtiles) character file.

216 Martinusm the Skirmisher (level 5, -1/33 HPs)
             Began as a Gargoyle Berserker on May 10, 2016.
             Was a Priest of Trog.
             Slain by a gnoll
             ... wielding a +0 club
              (3 damage)
             ... on level 3 of the Dungeon.
             The game lasted 00:13:12 (3485 turns).

Martinusm the Skirmisher (Gargoyle Berserker)       Turns: 3485, Time: 00:13:12

Health: -1/33      AC: 15    Str: 21    XL:     5   Next: 93%
Magic:  5/5        EV:  8    Int:  8    God:    Trog [***...]
Gold:   132        SH:  0    Dex:  9    Spells: 0 memorised, 4 levels left

rFire  + . .     SeeInvis .     a - +0 spear
rCold  x . .     Gourm    .     I - +0 chain mail
rNeg   + . .     Faith    .     (no shield)
rPois  ∞         Spirit   .     p - +0 helmet
rElec  +         Dismiss  .     G - +0 cloak (curse)
rCorr  +         Reflect  .     (no gloves)
SustAt .         Harm     .     (no boots)
MR     .....                    (no amulet)
Stlth  ..........               x - ring of fire
                                n - ring of resist corrosion

@: not resistant to hostile enchantments, extremely unstealthy
A: negative energy resistance 1, electricity resistance, unbreathing,
petrification resistance, rot immunity, AC +4
a: Berserk, Trog's Hand, Burn Spellbooks, Renounce Religion


You were on level 3 of the Dungeon.
You worshipped Trog.
Trog was most pleased with you.
You were not hungry.

You visited 1 branch of the dungeon, and saw 4 of its levels.

You collected 132 gold pieces.

Inventory:

Hand Weapons
 a - a +0 spear (weapon)
 d - a +0 hunting sling
 h - a +0 club
 q - a +0 spear
 D - a +0 dagger of venom
 E - a +0 dagger
 J - a +0 flail
Missiles
 f - 45 bolts
 m - 41 poisoned needles
 o - 109 arrows
Armour
 b - a +0 animal skin
 p - a +0 helmet (worn)
 G - a cursed +0 cloak (worn)
 I - a +0 chain mail (worn)
Jewellery
 n - a ring of resist corrosion (left hand)
 v - an uncursed ring of sustain attributes
 x - a ring of fire (right hand)
Scrolls
 e - 2 scrolls of fear {unknown}
 j - 2 scrolls of amnesia {unknown}
 k - 5 scrolls of identify {unknown}
 l - a scroll of teleportation {unknown}
 r - a scroll of enchant armour {unknown}
 t - a scroll of blinking {unknown}
 y - a scroll of remove curse {unknown}
 H - a scroll of immolation {unknown}
Potions
 i - a potion of heal wounds {unknown}
 s - a potion of lignification {unknown}
 w - a potion of cancellation {unknown}
 A - a potion of curing {unknown}
 B - a potion of degeneration {unknown}
 C - a potion of magic {unknown}
Comestibles
 c - a bread ration
 g - 2 fruits
 u - a beef jerky
 z - a slice of pizza
 F - 2 meat rations


   Skills:
 + Level 4.2 Fighting
 + Level 3.4 Polearms
 + Level 2.3 Armour
 + Level 3.7 Dodging
 + Level 1.2 Stealth


You had 4 spell levels left.
You didn't know any spells.

Dungeon Overview and Level Annotations

Branches:
Dungeon (4/15)
 Temple: D:4-7

Altars:
Cheibriados
Kikubaaqudgha


Innate Abilities, Weirdness & Mutations

You are resistant to torment.
Your stone body is resilient (AC +4).
You are immune to poison.
You resist negative energy.
You are resistant to electric shocks.
You can survive without breathing.
You are immune to petrification.
You are immune to rotting.


Message History

The hound is heavily wounded.
The hound bites you but does no damage. The gnoll hits you but does no damage.
The hound bites you but does no damage.
The giant cockroach bites you but does no damage.
The orc hits you but does no damage.
You hit the hound.
The hound is severely wounded.
The hound bites you but does no damage. The gnoll hits you but does no damage.
The giant cockroach barely misses you. The orc hits you but does no damage.
You hit the hound.
The hound is severely wounded.
The hound barely misses you. The giant cockroach closely misses you.
The gnoll hits you but does no damage. The hound bites you.
* * * LOW HITPOINT WARNING * * *
You barely miss the hound.
The hound is severely wounded.
The orc hits you but does no damage.
The giant cockroach bites you but does no damage.
The hound bites you but does no damage. The gnoll hits you with a club.
You die...

#........#.#........#
#........#.#........#
#........#.#........#
#####.###.#.#........#
#.....# #.#.#.#####.##
#.....# #.#.#.# #.#
#.....###.#.#.# #.#
##.....)...#.#.#####.#
...............h@o...#
.....#####.#.#.#gs...#
.....# #.#.#.#.....#
.....# #.#.#.#.....#
.....# #.#.#.#.....#
.....# #.#.#.#.....#
.)...# #.#.#.#.###.#
.##### #.#.#.#.....#
.# #.#.#.#######


You could see a hound, a gnoll, an orc and a giant cockroach.

Vanquished Creatures
  Jessica (D:3)
  Natasha (twice) (D:3)
  5 adders
  A gnoll (D:4)
  An ooze (D:2)
  4 giant geckos (D:3)
  5 orcs
  9 bats
  4 giant cockroaches
  8 goblins
  4 hobgoblins
  4 jackals
  A quokka (D:2)
  A ball python (D:1)
  6 giant newts
  11 kobolds
  9 rats
76 creatures vanquished.

Notes
Turn   | Place    | Note
--------------------------------------------------------------
     0 | D:1      | Martinusm the Gargoyle Berserker began the quest for the Orb.
     0 | D:1      | Reached XP level 1. HP: 14/14 MP: 1/1
    81 | D:1      | Reached XP level 2. HP: 19/19 MP: 2/2
   818 | D:1      | Reached ** piety under Trog
   969 | D:1      | Reached XP level 3. HP: 20/23 MP: 3/3
  1656 | D:2      | Reached XP level 4. HP: 26/29 MP: 4/4
  2262 | D:3      | Reached skill level 4 in Fighting
  2268 | D:3      | Found a snail-covered altar of Cheibriados.
  2268 | D:3      | Found an ancient bone altar of Kikubaaqudgha.
  2344 | D:3      | Noticed Jessica
  2361 | D:3      | Killed Jessica
  2361 | D:3      | Reached XP level 5. HP: 33/33 MP: 5/5
  2646 | D:3      | Noticed Natasha
  2659 | D:3      | Killed Natasha
  2659 | D:3      | Reached skill level 1 in Stealth
  2743 | D:3      | Reached *** piety under Trog
  3263 | D:3      | Noticed Natasha
  3275 | D:3      | Killed Natasha
  3485 | D:3      | Slain by a gnoll

Skill      XL: |  1  2  3  4  5 |
---------------+----------------+-----
Polearms       | 3 |  3.4
Dodging        | 2 3 |  3.7
Fighting       | 4 |  4.2
Stealth        | 1 |  1.2
Armour         | |  2.3

Action                   |  1- 3 |  4- 6 || total
-------------------------+-------+-------++-------
Melee: Spear             |   174 |   236 ||   410
 Stab: Sleeping          |     1 |       ||     1
  Eat: Fruit             |     4 |       ||     4
       Meat ration       |       |     1 ||     1
Armor: Animal skin       |   108 |   129 ||   237
       Chain mail        |       |    77 ||    77
Dodge: Dodged            |   214 |   279 ||   493
